 Dungeon Crawl Stone Soup version 0.32-a0-163-g159c032 (webtiles) character file.

Game seed: 18139754543061070083

250 staltz the Ruffian (level 6, -2/64 HPs)
             Began as a Djinni Shapeshifter on Feb 11, 2024.
             Slain by Pikel
             ... wielding a +2 whip of electrocution
              (6 damage)
             ... on level 4 of the Dungeon.
             The game lasted 00:15:18 (3890 turns).

staltz the Ruffian (Djinni Shapeshifter)            Turns: 3890, Time: 00:15:18

Health: -2/64      AC:  3    Str: 15    XL:     6   Next: 35%
Gold:   264        EV: 17    Int: 11    God:
                   SH:  0    Dex: 13

rFire   + +          .
                       - Unarmed
rCold   x . .        (no shield)
rNeg    + . .        j - +0 leather armour
rPois   ∞            (helmet currently unavailable)
rElec   .            (cloak currently unavailable)
rCorr   .            (gloves currently unavailable)
SInv    .            (boots unavailable)
Will    .....        l - amulet of the acrobat Stlth
                     h - +5 ring of evasion
HPRegen 0.30/turn    i - ring of positive energy
MPRegen 0.00/turn

%: acrobat, infuse magic (-3 HP)
@: brilliant, berserking, beast-form, flying, very quick
A: beast (slay +1), flying, sickness immunity, fire resistance 2, cold
vulnerability 1, float, innate caster, HP casting, extra vitality 1, antennae 1,
devolution 1
a: Begin Untransformation


You were on level 4 of the Dungeon.
You were a hulking beast.
You visited 1 branch of the dungeon, and saw 4 of its levels.

You collected 264 gold pieces.

Inventory:

Armour
 a - a +0 animal skin
 j - a +0 leather armour (worn)
 q - a scarf of resistance
Magical Staves
 k - a staff of alchemy
Jewellery
 h - a +5 ring of evasion (left hand)
 i - a ring of positive energy (right hand)
 l - an amulet of the acrobat (around neck)
Talismans
 c - a beast talisman
 d - a flux talisman
Wands
 y - a wand of digging (8)
Scrolls
 e - 5 scrolls of teleportation {unknown}
 f - a scroll of enchant weapon {unknown}
 g - 2 scrolls of revelation {unknown}
 p - a scroll of amnesia {unknown}
 r - 2 scrolls of torment
 s - a scroll of immolation {unknown}
 u - 2 scrolls of noise
 v - a scroll of vulnerability {unknown}
 x - a scroll of acquirement {unknown}
Potions
 b - a potion of lignification
 n - a potion of mutation
 o - a potion of might
 z - a potion of resistance {unknown}


   Skills:
 + Level 2.2 Fighting
 + Level 0.3 Throwing
 + Level 3.6 Dodging
 + Level 0.1 Stealth
 + Level 4.8 Unarmed Combat
 * Level 3.4 Shapeshifting


You knew the following spells:

 Your Spells              Type           Power      Damage    Failure   Level
a - Magic Dart            Conj           0%         1d3       41%         1
b - Mercury Vapours       Alch/Air       0%         N/A       54%         2
Your spell library was empty.

Dungeon Overview and Level Annotations

Branches:
Dungeon (4/15)
 Temple: D:4-7

Altars:
Cheibriados

Annotations:
D:2 1 runed translucent door, Crazy Yiuf
D:4 Pikel


Innate Abilities, Weirdness & Mutations

You are a hulking beast.
Your limbs bulge with bestial killing power. (Slay +1)
You are flying.
You are immune to sickness and miasma.
You are immune to poison.
Your flesh is very heat resistant. (rF++)
You are vulnerable to cold. (rC-)
You float through the air rather than walking.
You learn spells naturally, not from books.
Your magical power is your life essence.
You have superior vitality. (+4 MHP)
You have a pair of small antennae on your head.
You have hidden genetic defects.


Message History

Unknown command.
It was a potion of mutation.
You feel extremely strange.
You feel a hidden malignance growing inside you.
A pair of antennae grows on your head!
Pikel hits you with a +2 whip of electrocution.
* * * LOW HITPOINT WARNING * * *
Unknown command.
It was a potion of might.
You feel very mighty all of a sudden.
Pikel zaps a wand.
Your mind is blasted!
* * * LOW HITPOINT WARNING * * *
Unknown command.
It was a potion of cancellation.
Your magical effects are unravelling.
You feel magically purged.
You feel less wooden.
Your +0 leather armour unmelds from your body.
You turn into a hulking beast.
You feel a little less mighty now. Pikel barely misses you.
Unknown command.
Okay, then.
Okay, then.
It was a potion of brilliance.
You feel clever all of a sudden. Pikel closely misses you.
Unknown command.
Unknown command.
It was a potion of berserk rage.
A red film seems to cover your vision as you go berserk!
You feel yourself moving faster!
You feel mighty! Pikel completely misses you.
Unknown command.
You barely miss Pikel.
Pikel is severely wounded.
You punch Pikel! Your punch misses Pikel.
Pikel is almost dead.
Pikel hits you with a +2 whip of electrocution.
You die...
Pikel says, "Another soul for the market."

#......K#......
#.......'......
#.......#5.....
#########......
#...... #####.#
#†#
################.#
#hK........(.....#
################.#
###


You could see Pikel.

Vanquished Creatures
  4 lemures (D:3)
  A bombardier beetle (D:3)
  A hound (D:4)
  8 gnolls
  2 adders
  2 ribbon worms
  7 endoplasms
  2 giant cockroaches
  5 goblins
  6 hobgoblins
  11 jackals
  8 kobolds
  10 quokkas
  5 ball pythons
  5 bats
  3 frilled lizards
  9 rats
89 creatures vanquished.

Notes
Turn   | Place    | Note
-------+----------+-------------------------------------------
     0 | D:1      | staltz the Djinni Shapeshifter began the quest for the Orb.
     0 | D:1      | Reached XP level 1. HP: 17/17 MP: 0/0
   190 | D:1      | Reached XP level 2. HP: 17/22 MP: 0/0
   395 | D:1      | Reached XP level 3. HP: 26/27 MP: 0/0
   395 | D:1      | Learned a level 1 spell: Magic Dart
   986 | D:2      | Upgraded the game from 0.32-a0-145-g5e87250 to
                  | 0.32-a0-162-g6f326f6
  1000 | D:2      | Reached XP level 4. HP: 33/33 MP: 0/0
  1638 | D:2      | Found a runed translucent door.
  1639 | D:2      | Noticed Crazy Yiuf
  1925 | D:3      | Reached XP level 5. HP: 38/38 MP: 0/0
  1925 | D:3      | Learned a level 2 spell: Mercury Vapours
  1999 | D:3      | Reached skill level 4 in Unarmed Combat
  2627 | D:3      | Reached XP level 6. HP: 35/43 MP: 0/0
  3130 | D:4      | Noticed Pikel
  3154 | D:3      | HP: 4/43 [lemure[Pikel] (8)]
  3333 | D:4      | Noticed an orc warrior
  3541 | D:4      | Upgraded the game from 0.32-a0-162-g6f326f6 to
                  | 0.32-a0-163-g159c032
  3656 | D:4      | Found a snail-covered altar of Cheibriados.
  3884 | D:4      | Gained mutation: You have hidden genetic defects. [potion
                  | of mutation]
  3884 | D:4      | Gained mutation: You have a pair of small antennae on your
                  | head. [potion of mutation]
  3885 | D:4      | HP: 3/64 [disintegration (5)]
  3890 | D:4      | Slain by Pikel

Illustrated notes

Levels and vault maps discovered:
D:1:      evilmike_arrival_hilbert_curve, layout_rooms
D:2:      layout_loops_ring, nicolae_kite_square_tiling_tiny, minivault_14,
          uniq_crazy_yiuf_cottage
D:3:      wad_woods_settlement, layout_basic
D:4:      layout_basic, mainiacjoe_overflow_tiny_flanked,
          mainiacjoe_overflow_six_doors_small, uniq_pikel

Skill      XL: |  1  2  3  4  5 |
---------------+----------------+-----
Shapeshifting  | 3 |  3.4
Fighting       | 2 |  2.2
Dodging        | 3 |  3.6
Unarmed Combat | 4 |  4.8
Throwing       | |  0.3
Stealth        | |  0.1

Action                     |  1- 3 |  4- 6 || total
---------------------------+-------+-------++-------
  Melee: Unarmed           |    94 |   256 ||   350
         Punch             |     4 |     9 ||    13
  Throw: Dart              |     5 |    13 ||    18
   Cast: Magic Dart        |       |     1 ||     1
    Use: Scroll            |       |     2 ||     2
         Potion            |       |     6 ||     6
 Armour: Animal skin       |    41 |       ||    41
         Leather armour    |     5 |    71 ||    76
         Skin              |       |     5 ||     5
  Dodge: Dodged            |    78 |   254 ||   332

Table legend: (Time is in decaauts)
 A = Elapsed time spent in this place.
 B = Non-inter-level travel time spent in this place.
 C = Inter-level travel time spent in this place.
 D = Time resting spent in this place.
 E = Time spent auto-exploring this place.
 F = Levels seen in this place.
 G = Mean time per level.
                   A        B        C        D        E       F      G
               +--------+--------+--------+--------+--------+-----+--------+
         Total |   3865 |   3656 |    209 |    665 |   1882 |   4 |  966.2 |
       Dungeon |   3865 |   3656 |    209 |    665 |   1882 |   4 |  966.2 |
               +--------+--------+--------+--------+--------+-----+--------+

Top non-repeatable levels by time:
     D:3: 1718 daAuts
     D:2: 957 daAuts
     D:1: 941 daAuts
     D:4: 247 daAuts
